 Dungeon Crawl Stone Soup version 0.20.1-1-g8b1a95d (webtiles) character file.

7617 vineage the Spear-Bearer (level 10, -8/132 HPs)
             Began as a Minotaur Fighter on July 22, 2017.
             Mangled by a seven-headed hydra (13 damage)
             ... on level 10 of the Dungeon.
             The game lasted 00:34:40 (6791 turns).

vineage the Spear-Bearer (Minotaur Fighter)         Turns: 6791, Time: 00:34:42

Health: -8/132     AC: 13    Str: 29    XL:     10   Next: 98%
Magic:  9/9        EV: 14    Int:  5    God:
Gold:   304        SH:  0    Dex: 15    Spells: 9/9 levels left

rFire    . . .     SeeInvis +   i - +5 scythe "Finisher" {speed, Str+3}
rCold    + . .     Gourm    .   (shield currently unavailable)
rNeg     . . .     Faith    .   n - +2 scale mail {rC+}
rPois    .         Spirit   .   v - +0 hat {SInv}
rElec    .         Reflect  .   (no cloak)
rCorr    .         Harm     .   e - +0 pair of gloves
MR       .....                  (no boots)
Stlth    ..........             (no amulet)
Regen    0.4/turn               (no ring)
MPRegen  0.2/turn               (no ring)

@: berserking, very quick
A: retaliatory headbutt, horns 2, icy blue scales 1, thin skeletal structure 1,
sense surroundings 1, screaming 1
a: no special abilities


You were on level 10 of the Dungeon.
You were full.

You visited 1 branch of the dungeon, and saw 8 of its levels.
You also visited: Ossuary.

You collected 304 gold pieces.

Inventory:

Hand Weapons
 a - a +1 war axe
 i - the +5 scythe "Finisher" (weapon) {speed, Str+3}
   (You found it on level 7 of the Dungeon)

   Attacks with this weapon are significantly faster.
   It affects your strength (+3).
 s - a +1 whip of flaming
 y - a +0 hunting sling
 A - a +0 quarterstaff of protection
 I - a +0 mace
 J - a +0 shortbow
Missiles
 B - 31 sling bullets
Armour
 b - a +1 scale mail
 c - a +0 shield
 d - a +0 troll leather armour
 e - a +0 pair of gloves (worn)
 g - a +0 buckler
 n - a +2 scale mail of cold resistance (worn)
 v - a +0 hat of see invisible (worn)
 x - a +0 shield
 F - +0 steam dragon scales
Jewellery
 j - a cursed amulet of inaccuracy
Wands
 q - a wand of flame (25/48)
 G - a wand of acid (14/15)
 K - a wand of random effects (19/48)
 L - a wand of confusion (34/48)
Scrolls
 h - 2 scrolls of fear
 m - 2 scrolls of recharging
 o - 4 scrolls of remove curse
 p - a scroll of teleportation
 u - a scroll of enchant weapon
 C - 3 scrolls of identify
Potions
 k - a potion of berserk rage
 l - 4 potions of brilliance
 r - a potion of curing
 z - 3 potions of mutation
 D - a potion of flight
Comestibles
 f - 4 bread rations
 t - 3 meat rations
 w - 8 royal jellies
 E - 4 fruits


   Skills:
 + Level 8.2 Fighting
 + Level 9.1(11.3) Axes
 + Level 10.9(12.1) Polearms
 + Level 9.1 Armour
 + Level 5.6 Dodging
 + Level 1.8 Stealth
 + Level 7.5 Shields


You had 9 spell levels left.
You didn't know any spells.

Dungeon Overview and Level Annotations

Branches:
Dungeon (10/15)
 Temple: D:4-7         Lair: D:8-11         Orc: D:9-12

Altars:
Elyvilon
Makhleb
Xom

Shops:
D:8 [


Innate Abilities, Weirdness & Mutations

You reflexively headbutt those who attack you in melee.
You have a pair of horns on your head.
You are partially covered in icy blue scales. (AC +2)
You have a somewhat thin skeletal structure. (Dex +2, Stealth)
You passively map a small area around you.
You occasionally shout uncontrollably at your foes.


Message History

The six-headed hydra bites you but does no damage.
The six-headed hydra bites you.
* * * LOW HITPOINT WARNING * * *
The six-headed hydra bites you.
* * * LOW HITPOINT WARNING * * *
You barely miss the six-headed hydra. You headbutt the six-headed hydra!
The six-headed hydra is moderately wounded.
You slice one of the six-headed hydra's heads off!
The five-headed hydra grows two more!
You slice the seven-headed hydra!!
The seven-headed hydra is moderately wounded.
The seven-headed hydra misses you. The seven-headed hydra bites you!
* * * LOW HITPOINT WARNING * * *
The seven-headed hydra bites you but does no damage.
The seven-headed hydra bites you!
* * * LOW HITPOINT WARNING * * *
The seven-headed hydra bites you.
* * * LOW HITPOINT WARNING * * *
The seven-headed hydra barely misses you.
The seven-headed hydra bites you!
You die...

* ##.........
, *
#........#. ,
#.####......##
, , ,
#..........##*
* , ,
#######.#### *
, #.# * ##'##
* ##...## * ,
* ##..@..## *,
##...D...##
#.........#
+.........+ ,
*#.........#
##.......##
##.....## * ,
##...## ##+##
*


You could see a seven-headed hydra.

Vanquished Creatures
  2 two-headed ogres
  Pikel (D:6)
  Maurice (D:8)
  Joseph (D:8)
  2 trolls
  A hornet (D:9)
  3 hippogriffs
  5 wraiths (D:7)
  A steam dragon (D:9)
  Grum (D:8)
  A hungry ghost (D:10)
  2 soldier ants (D:9)
  5 ice beasts
  A sky beast (D:6)
  2 ogres
  A phantom (D:8)
  4 wolves (D:8)
  3 centaurs
  A gnoll sergeant (D:6)
  5 bullfrogs
  A big kobold (D:8)
  A scorpion (D:7)
  2 crimson imps (D:7)
  A bullfrog zombie (D:7)
  A quasit (D:7)
  An orc priest (D:7)
  A centaur zombie (D:6)
  3 hounds
  A bullfrog skeleton (D:8)
  2 orc wizards
  2 iguanas
  4 worker ants
  A killer bee zombie (D:8)
  3 big kobold zombies (Ossuary)
  A hound zombie (D:6)
  3 mummies
  7 gnolls
  A howler monkey skeleton (D:9)
  4 adders
  An ooze (D:2)
  2 adder skeletons
  5 adder zombies (Ossuary)
  2 worms (D:2)
  2 dart slugs (D:1)
  2 leopard geckos
  8 orcs
  A ball python (D:1)
  2 giant cockroaches (D:1)
  2 goblins
  3 hobgoblins
  3 quokkas
  2 bats (D:1)
  A frilled lizard (D:2)
  5 hobgoblin zombies
  3 kobolds
  9 kobold zombies
  4 orc zombies (Ossuary)
  4 rats (D:2)
144 creatures vanquished.

Vanquished Creatures (others)
  An orc zombie (Ossuary)
1 creature vanquished.

Grand Total: 145 creatures vanquished

Notes
Turn   | Place    | Note
-------+----------+-------------------------------------------
     0 | D:1      | vineage the Minotaur Fighter began the quest for the Orb.
     0 | D:1      | Reached XP level 1. HP: 19/19 MP: 0/0
   220 | D:1      | Reached XP level 2. HP: 11/27 MP: 1/1
  1114 | D:2      | Gained mutation: You passively map a small area around you. [potion of mutation]
  1114 | D:2      | Gained mutation: You occasionally shout uncontrollably at your foes. [potion of mutation]
  1114 | D:2      | Gained mutation: You have a somewhat thin skeletal structure. (Dex +2, Stealth) [potion of mutation]
  1114 | D:2      | Gained mutation: You are partially covered in icy blue scales. (AC +2) [potion of mutation]
  1214 | D:2      | Reached XP level 3. HP: 30/33 MP: 2/2
  1400 | D:3      | Found a faded altar of an unknown god.
  1566 | D:3      | You fall through a shaft for 3 floors!
  1633 | D:6      | Noticed a centaur
  1644 | D:6      | Killed a centaur
  1644 | D:6      | Reached XP level 4. HP: 14/40 MP: 3/3
  1921 | D:6      | Reached skill level 5 in Shields
  1921 | D:6      | Reached XP level 5. HP: 43/47 MP: 4/4
  2128 | D:6      | Reached skill level 1 in Dodging
  2128 | D:6      | Reached XP level 6. HP: 47/55 MP: 5/5
  2169 | D:6      | Reached skill level 5 in Armour
  2299 | D:6      | Noticed a sky beast
  2324 | D:6      | Killed a sky beast
  2324 | D:6      | Reached skill level 5 in Axes
  2325 | D:6      | Noticed a slave
  2326 | D:6      | Noticed Pikel
  2326 | D:6      | Noticed a slave
  2326 | D:6      | Noticed a slave
  2326 | D:6      | Noticed a slave
  2352 | D:6      | Killed Pikel
  2352 | D:6      | Reached skill level 5 in Fighting
  2352 | D:6      | Reached XP level 7. HP: 33/61 MP: 6/6
  2644 | D:7      | Found a shimmering altar of Xom.
  2644 | D:7      | Found a burning altar of Makhleb.
  2784 | D:7      | Reached XP level 8. HP: 63/68 MP: 7/7
  3475 | D:8      | Reached XP level 9. HP: 75/75 MP: 8/8
  3611 | D:8      | Found a sand-covered staircase.
  3619 | Ossuary  | Entered an ossuary
  3706 | Ossuary  | Reached skill level 1 in Polearms
  3796 | Ossuary  | Identified a scroll of acquirement
  3919 | D:8      | Reached skill level 2 in Polearms
  3983 | D:8      | Noticed Joseph
  4003 | D:8      | Killed Joseph
  4003 | D:8      | Reached skill level 4 in Polearms
  4218 | D:8      | Noticed Maurice
  4238 | D:8      | Killed Maurice
  4238 | D:8      | Reached skill level 5 in Polearms
  4238 | D:8      | Reached skill level 1 in Stealth
  4239 | D:8      | Noticed a two-headed ogre
  4246 | D:8      | Killed a two-headed ogre
  4246 | D:8      | Reached skill level 7 in Polearms
  4256 | D:8      | Reached skill level 5 in Dodging
  4256 | D:8      | Reached XP level 10. HP: 66/86 MP: 9/9
  4409 | D:8      | Found Kanoyni's Antique Armour Emporium.
  4416 | D:8      | Found a white marble altar of Elyvilon.
  4442 | D:8      | Noticed Grum
  4459 | D:8      | Killed Grum
  4465 | D:8      | Reached skill level 8 in Polearms
  5114 | D:9      | Reached skill level 9 in Polearms
  5710 | D:9      | Noticed a two-headed ogre
  5717 | D:9      | Killed a two-headed ogre
  5885 | D:9      | Reached skill level 10 in Polearms
  6170 | D:10     | Entered Level 10 of the Dungeon
  6237 | D:10     | Noticed a two-headed ogre
  6780 | D:10     | Noticed a four-headed hydra
  6791 | D:10     | HP: 5/132 [seven-headed hydra (4)]
  6791 | D:10     | Mangled by a seven-headed hydra

Skill      XL: |  1  2  3  4  5  6  7  8  9 10 |
---------------+-------------------------------+-----
Armour         | 4 6 7 9 |  9.1
Shields        | 4 5 6 7 |  7.5
Fighting       | 4 5 6 7 8 |  8.2
Axes           | 3 4 6 8 9 |  9.1
Dodging        | 1 3 4 5 |  5.6
Polearms       | 7 10 | 10.9
Stealth        | 1 |  1.8

Action                   |  1- 3 |  4- 6 |  7- 9 | 10-12 || total
-------------------------+-------+-------+-------+-------++-------
Melee: War axe           |    83 |    84 |    83 |       ||   250
       Headbutt          |     7 |    20 |    44 |    34 ||   105
       Scythe            |       |       |   113 |   120 ||   233
  Use: Scroll            |     6 |     1 |     6 |     2 ||    15
       Potion            |     4 |     2 |     5 |     3 ||    14
 Stab: Invisible         |       |       |     2 |       ||     2
  Eat: Royal jelly       |     1 |       |     1 |     2 ||     4
       Fruit             |       |     1 |       |       ||     1
       Chunk             |       |     1 |       |     2 ||     3
       Meat ration       |       |     1 |       |     1 ||     2
       Bread ration      |       |       |       |     1 ||     1
Armor: Scale mail        |    65 |    53 |    76 |    80 ||   274
Dodge: Dodged            |    27 |    22 |    82 |    94 ||   225
Block: Shield            |    57 |    46 |    47 |       ||   150
